 Dungeon Sprint DCSS version 0.25.1-9-gc5326a611f (webtiles) character file.

Game seed: 7323005172178195266

1292 raphaelitos the Fighter (level 8, -10/102 HPs)
             Began as an Ogre Berserker on Dec 26, 2020.
             Was a Priest of Trog.
             Shot with an arrow by a centaur warrior (22 damage)
             ... in the Dungeon (Sprint I: "Red Sonja").
             The game lasted 00:02:59 (883 turns).

raphaelitos the Fighter (Ogre Berserker)             Turns: 883, Time: 00:03:01

Health: -10/102    AC:  5    Str: 24    XL:     8   Next: 56%
Magic:  8/8        EV: 13    Int:  8    God:    Trog [***...]
Gold:   423        SH:  0    Dex:  8    Spells: 7/7 levels left

rFire    + . .     SeeInvis .   m - +0 giant spiked club
rCold    + . .     Gourm    .   (shield currently unavailable)
rNeg     . . .     Faith    .   n - +2 robe {rC+ rF+}
rPois    .         Spirit   .   (helmet restricted)
rElec    .         Reflect  .   (no cloak)
rCorr    .         Harm     .   (gloves unavailable)
MR       .....     NoTele   +   (boots unavailable)
Stlth    +.........             (no amulet)
HPRegen  0.27/turn              (no ring)
MPRegen  0.11/turn              (no ring)

@: starving, very slow
A: large, unfitting armour, tough skin 1
a: Berserk, Trog's Hand, Renounce Religion


You were in the Dungeon.
You worshipped Trog.
Trog was most pleased with you.
You were starving.

You visited 1 branch You collected 423 gold pieces.

Inventory:

Hand Weapons
 a - a +0 hand axe
 m - a +0 giant spiked club (weapon)
Armour
 b - a +0 animal skin
 n - a +2 robe of resistance (worn)
Wands
 j - a wand of digging (3)
Potions
 d - a potion of curing
 e - a potion of heal wounds
 f - a potion of haste
 g - 2 potions of magic
 h - a potion of berserk rage
 k - 2 potions of degeneration {unknown}
 l - a potion of brilliance {unknown}


   Skills:
 + Level 13.2 Fighting
 + Level 9.8(10.9) Axes
 + Level 7.2(9.3) Maces & Flails
 + Level 9.2 Dodging
 + Level 0.6 Stealth


You had 7 spell levels left.
You didn't know any spells.
Your spell library was empty.

Dungeon Overview and Level Annotations

Branches:
Dungeon (1/1)

Altars:
Cheibriados
Dithmenos
Elyvilon
Fedhas
Gozag
Hepliaklqana
Kikubaaqudgha
Makhleb
Nemelex Xobeh
Okawaru
Qazlal
Ru
Sif Muna
Trog
Uskayaw
Vehumet
Wu Jian
Xom
Yredelemnul
Zin
The Shining One
Jiyva
Lugonu

Shops:
D [


Innate Abilities, Weirdness & Mutations

You are too large for most types of armour.
You have tough skin. (AC +1)


Message History

There is an open door here.
You see here a glowing naga barding.
You open the door.
A centaur warrior comes into view.
The centaur warrior moves out of view.
Unknown command.
Found a scroll labeled XOGACIN UCEMIU and a scroll labeled VOGOBL PYSISAM.
There is an open door here.
You enter the shallow water.
Moving in this stuff is going to be slow.
A centaur warrior comes into view.
The centaur warrior moves out of view.
The centaur warrior shouts! x2
The centaur warrior wields a cursed +0 shortbow.
The centaur warrior shoots an arrow.
The arrow hits you!!
* * * LOW HITPOINT WARNING * * *
You hear a splash.
The centaur warrior wields a +0 longbow.
The centaur warrior shoots an arrow.
The arrow hits you!!
You die...

########################
.#..÷..#.)'..#__#.[+ssO#
.[..#..'..#..'..'.)#.ss##+#
.#####'#####'#__####.§.'..#
.####..#...#.####§§#####..+
.#__####..##[#§§§§c# ##
.#_____##'#_.'§§§§§+
⌠#_.∩...'..._#§§@§c#
##_..__##_.#'##+####
#_____###+#(# ####### ###


You could see 2 centaur warriors.

Vanquished Creatures
  2 kobold demonologists (D)
  A slime creature (D)
  Sigmund (D)
  A yak (D)
  A floating eye (D)
  An ogre (D)
  A jelly (D)
  Ijyb (D)
9 creatures vanquished.

Notes
Turn   | Place    | Note
-------+----------+-------------------------------------------
     0 | D        | raphaelitos the Ogre Berserker began the quest for the Orb.
     0 | D        | Reached XP level 1. HP: 24/24 MP: 1/1
     1 | D        | Noticed Ijyb
    14 | D        | Killed Ijyb
    14 | D        | Reached skill level 5 in Fighting
    14 | D        | Reached XP level 2. HP: 36/36 MP: 2/2
    14 | D        | Reached XP level 3. HP: 44/44 MP: 3/3
    47 | D        | Noticed an ogre
    54 | D        | Killed an ogre
    54 | D        | Reached skill level 8 in Fighting
    54 | D        | Reached skill level 5 in Dodging
    54 | D        | Reached XP level 4. HP: 57/57 MP: 4/4
   105 | D        | Noticed Sigmund
   110 | D        | Killed Sigmund
   110 | D        | Reached ** piety under Trog
   110 | D        | Reached skill level 10 in Fighting
   110 | D        | Reached XP level 5. HP: 68/68 MP: 5/5
   110 | D        | Reached XP level 6. HP: 78/78 MP: 6/6
   182 | D        | Found a shimmering blue altar of Sif Muna.
   183 | D        | Found an ornate altar of the Wu Jian Council.
   184 | D        | Found a radiant altar of Vehumet.
   187 | D        | Reached skill level 1 in Maces & Flails
   216 | D        | Found a burning altar of Makhleb.
   216 | D        | Found a viscous altar of Jiyva.
   216 | D        | Found a shimmering altar of Xom.
   216 | D        | Found a corrupted altar of Lugonu.
   216 | D        | Noticed a slime creature
   220 | D        | Killed a slime creature
   220 | D        | Reached skill level 11 in Fighting
   220 | D        | Reached XP level 7. HP: 88/88 MP: 7/7
   267 | D        | Found Vigeachu's Armour Emporium.
   267 | D        | Found an ancient bone altar of Kikubaaqudgha.
   267 | D        | Found a hazy altar of Hepliaklqana.
   267 | D        | Found a stormy altar of Qazlal.
   267 | D        | Found a hide-covered altar of Uskayaw.
   267 | D        | Found a blossoming altar of Fedhas.
   267 | D        | Found a bloodstained altar of Trog.
   267 | D        | Found an iron altar of Okawaru.
   267 | D        | Found a basalt altar of Yredelemnul.
   267 | D        | Found a glowing golden altar of the Shining One.
   267 | D        | Found a snail-covered altar of Cheibriados.
   267 | D        | Found a sacrificial altar of Ru.
   267 | D        | Found a glowing silver altar of Zin.
   267 | D        | Found a shadowy altar of Dithmenos.
   267 | D        | Found a white marble altar of Elyvilon.
   267 | D        | Noticed a yak
   275 | D        | Killed a yak
   275 | D        | Reached *** piety under Trog
   276 | D        | Found an opulent altar of Gozag.
   277 | D        | Found a sparkling altar of Nemelex Xobeh.
   528 | D        | Noticed a kobold demonologist
   528 | D        | Noticed a kobold demonologist
   531 | D        | Reached skill level 12 in Fighting
   551 | D        | Noticed a hellwing
   556 | D        | Noticed a chaos spawn
   557 | D        | Noticed a ynoxinul
   557 | D        | Killed a kobold demonologist
   557 | D        | Reached XP level 8. HP: 59/101 MP: 8/8
   561 | D        | Killed a kobold demonologist
   561 | D        | Reached **** piety under Trog
   561 | D        | Reached skill level 13 in Fighting
   782 | D        | Noticed a demonic crawler
   782 | D        | Noticed a demonic crawler
   782 | D        | Noticed a demonic crawler
   782 | D        | Noticed a demonic crawler
   879 | D        | Noticed a centaur warrior
   882 | D        | Noticed a centaur warrior
   883 | D        | Shot with an arrow by a centaur warrior

Illustrated notes

Levels and vault maps discovered:
D:        dungeon_sprint_1 [red_sonja_temple_1, red_sonja_temple_small_1]

Skill      XL: |  1  2  3  4  5  6  7  8 |
---------------+-------------------------+-----
Fighting       | 5 8 10 11 12 13 | 13.2
Axes           | 4 6 8 9 |  9.8
Dodging        | 3 5 7 8 9 |  9.2
Maces & Flails | 2 6 7 |  7.2
Stealth        | |  0.6

Action                   |  1- 3 |  4- 6 |  7- 9 || total
-------------------------+-------+-------+-------++-------
Melee: Hand axe          |    18 |       |       ||    18
       Giant spiked club |       |     7 |    42 ||    49
Invok: Berserk           |     2 |     3 |     1 ||     6
       Brothers in Arms  |       |       |     1 ||     1
  Use: Scroll            |       |       |     1 ||     1
  Eat: Chunk             |       |     1 |       ||     1
       Ration            |       |       |     1 ||     1
Armor: Animal skin       |     2 |       |       ||     2
       Robe              |       |       |    40 ||    40
Dodge: Dodged            |     6 |     2 |    67 ||    75
